 Dungeon Crawl Stone Soup version 0.31-a0-692-gf03d1854d5 (webtiles) character file.

Game seed: 2874329128097320107

3088 qw the Skirmisher (level 9, -4/57 HPs)
             Began as a Gargoyle Hunter on Sept 6, 2023.
             Was a Believer of Okawaru.
             Slain by a six-headed hydra (8 damage)
             ... on level 8 of the Dungeon.
             The game lasted 00:03:05 (6453 turns).

qw the Skirmisher (Gargoyle Hunter)                 Turns: 6453, Time: 00:03:05

Health: -4/57      AC: 15    Str: 14    XL:     9   Next: 89%
Magic:  11/12      EV: 15    Int: 11    God:    Okawaru [**....]
Gold:   348        SH:  0    Dex: 17    Spells: 8/8 levels left

rFire   . . .        Y - +2 orcbow
rCold   . . .        (shield currently unavailable)
rNeg    + . .        b - +0 ring mail
rPois   inf          (no helmet)
rElec   +            i - +0 cloak
rCorr   .            d - +0 pair of gloves
SInv    .            (no boots)
Will    .....        (no amulet)
Stlth   +++          (no ring)
HPRegen 0.29/turn    (no ring)
MPRegen 0.13/turn

%: no passive effects
@: about to teleport, heroic
A: sickness immunity, AC +6, negative energy resistance 1, electricity
resistance, torment resistance 1, petrification resistance
a: Renounce Religion, Heroism


You were on level 8 of the Dungeon.
You worshipped Okawaru.
Okawaru was pleased with you.
You visited 2 branches of the dungeon, and saw 9 of its levels.
You also visited: Sewer.

You collected 348 gold pieces.


Innate Abilities, Weirdness & Mutations

You are immune to sickness and miasma.
Your stone body is resilient. (AC +6)
You are immune to poison.
You resist negative energy. (rN+)
You are resistant to electric shocks. (rElec)
You are resistant to unholy torment.
You are immune to petrification.


   Skills:
 + Level 7.2(12.2) Fighting
 - Level 11.1(16.1) Ranged Weapons
 - Level 3.0(8.0) Armour
 - Level 3.0(8.0) Dodging
 - Level 1.1(6.1) Stealth
 - Level 4.2 Invocations


You had 8 spell levels left.
You didn't know any spells.
Your spell library was empty.

Inventory:

Hand Weapons
 Y - a +2 orcbow (weapon)
Armour
 b - a +0 ring mail (worn)
 d - a +0 pair of gloves (worn)
 i - a +0 cloak (worn)
Jewellery
 k - a ring of fire
Wands
 n - a wand of digging (5)
Scrolls
 g - a scroll of teleportation
 h - 3 scrolls of identify
Potions
 a - a potion of enlightenment
 c - a potion of haste
 e - a potion of resistance
 f - a potion of invisibility {unknown}

Dungeon Overview and Level Annotations

Branches:
Dungeon (8/15)             Temple (1/1) D:4           Sewer (visited)
   Lair: D:8-11

Altars:
Ashenzari
Cheibriados
Dithmenos
Elyvilon
Fedhas
Gozag
Hepliaklqana
Kikubaaqudgha
Makhleb
Nemelex Xobeh
Okawaru
Qazlal
Ru
Sif Muna
Trog
Uskayaw
Vehumet
Wu Jian
Xom
Yredelemnul
Zin
The Shining One


Message History

6449 |||
Found retreat position at 1,0 (bullfrog; floor) with 0 blocking monsters and 3 monsters attacking at destination at distance 1 You shoot an arrow.
The arrow misses the bullfrog.
The arrow hits the howler monkey.
The howler monkey is severely wounded.
The bullfrog hits you but does no damage.
The yak barely misses you. The yak misses you.
A sky beast comes into view.
The bullfrog hits you but does no damage.
You shoot an arrow. The arrow hits the manticore.
The manticore is lightly wounded.
The yak gores you.
An orc comes into view. It is wielding a +0 hand axe.
The bullfrog closely misses you.
6451 |||
Found retreat position at 1,0 (bullfrog; floor) with 0 blocking monsters and 3 monsters attacking at destination at distance 1 You shoot an arrow.
The arrow hits the manticore.
The manticore is lightly wounded.
The bullfrog closely misses you.
An orc comes into view. It is wielding a +0 whip.
An orc warrior comes into view. It is wielding a +0 flail.
The yak gores you but does no damage. The manticore bites you!
The manticore barely misses you. The manticore completely misses you.
You shoot an arrow. The arrow hits the manticore!
The manticore is moderately wounded.
The bullfrog closely misses you. The six-headed hydra bites you. x2
The six-headed hydra closely misses you.
The six-headed hydra misses you.
The six-headed hydra bites you but does no damage.
The six-headed hydra bites you!
The howler monkey hoots and howls with incredible vigour!
The yak closely misses you. The manticore completely misses you.
The manticore claws you but does no damage.
The manticore barely misses you.
The sky beast flickers out of sight!
Deactivating autopickup; reactivate with Ctrl-A.
You hear a shout!
6453 ||| READING 2 scrolls of teleportation.
As you read the scroll of teleportation, it crumbles to dust.
You feel strangely unstable. The bullfrog misses you.
The six-headed hydra misses you. The six-headed hydra bites you!
You die...

... ..).. ###.# ....... ..
##.).# ......... .....
##..####......... ##.#...
....#.........>..# ......
....#..##...).....#......
...............Oo.....#
....(.........YH##....#
..........)..poD@Fh...##
........)...ooYY##Y#...#
.............o## #.o...#
#.............####....$##.
##.......####...#..........
#........## #....##.##.....
.../...#..###...##...#..###
#......#..##..y...........
#.........###..............


You could see a death knight (reflects damage), a six-headed hydra, a two-headed
ogre, a manticore, 4 yaks, 2 orc warriors, a bullfrog, a howler monkey and 3
orcs.

Vanquished Creatures
  A cyclops (D:8)
  A hornet (D:8)
  2 wyverns
  A steam dragon (D:7)
  2 water moccasins
  2 black bears
  3 sky beasts
  An ogre (D:5)
  A centaur (D:5)
  A kobold brigand (D:6)
  4 bullfrogs
  A scorpion (D:3)
  A wight (D:8)
  3 hounds
  3 jellies
  A gnoll bouda (D:4)
  An orc priest (D:6)
  3 iguanas
  7 orc wizards
  11 gnolls
  5 adders
  2 river rats (D:5)
  A shadow imp (D:5)
  4 white imps
  An ufetubus (D:5)
  A worm (D:3)
  2 dart slugs
  19 orcs
  14 endoplasms
  15 giant cockroaches
  7 goblins
  12 hobgoblins
  3 jackals (D:1)
  14 kobolds
  6 quokkas
  16 ball pythons
  8 bats
  7 frilled lizards
  5 rats
192 creatures vanquished.

Notes
Turn   | Place    | Note
-------+----------+-------------------------------------------
     0 | D:1      | qw the Gargoyle Hunter began the quest for the Orb.
     0 | D:1      | Reached XP level 1. HP: 12/12 MP: 1/1
     0 | D:1      | 0 ||| qw: Version: 0.3-a-76-g4403597
     0 | D:1      | 0 ||| qw: Game counter: 203
     0 | D:1      | 0 ||| qw: Melee chars always use a shield: true
     0 | D:1      | 0 ||| qw: God list: Okawaru
     0 | D:1      | 0 ||| qw: Allow faded altars: false
     0 | D:1      | 0 ||| qw: Do Orc after clearing Dungeon:15 true
     0 | D:1      | 0 ||| qw: Do second Lair branch before Depths: true
     0 | D:1      | 0 ||| qw: Lair rune preference: random
     0 | D:1      | 0 ||| qw: Goals: Normal
     0 | D:1      | 0 ||| PLANNING D:1-11
   150 | D:1      | Reached XP level 2. HP: 17/17 MP: 2/2
   632 | D:1      | Reached XP level 3. HP: 18/21 MP: 3/3
   739 | D:1      | Reached skill level 5 in Ranged Weapons
   965 | D:1      | 965 ||| UPGRADING to +1 robe of positive energy.
   975 | D:1      | 975 ||| READING 2 scrolls labelled TUCUEC GEUH.
   976 | D:1      | 976 ||| READING scroll of enchant weapon.
   976 | D:1      | 976 ||| ENCHANTING +1 shortbow.
   977 | D:1      | 977 ||| READING scroll labelled PAFRICH APHUAXAPN.
   978 | D:1      | 978 ||| READING 4 scrolls labelled XIATON PIFU.
   983 | D:1      | 983 ||| DROPPING scroll of butterflies.
  1324 | D:2      | Reached skill level 3 in Fighting
  1633 | D:2      | 1633 ||| READING scroll labelled FIOLODW FARI.
  1734 | D:2      | 1734 ||| READING scroll labelled XACSAS MATAKO.
  1735 | D:2      | 1735 ||| READING scroll labelled OMOHUT SUOZ.
  1736 | D:2      | 1736 ||| READING scroll labelled YGEUTUN HESIM.
  1737 | D:2      | 1737 ||| READING scroll labelled ATUHOALIXE.
  1796 | D:3      | Reached XP level 4. HP: 28/28 MP: 4/4
  1810 | D:3      | Noticed a scorpion
  1827 | D:3      | Killed a scorpion
  1828 | D:3      | Reached XP level 5. HP: 14/32 MP: 5/5
  1930 | D:3      | Identified the +5 scale mail "Gapouge" {Fly Int+4}
  1991 | D:3      | Reached skill level 6 in Ranged Weapons
  2083 | D:3      | 2083 ||| FLEEEEING.
  2084 | D:3      | 2084 ||| FLEEEEING.
  2085 | D:3      | 2085 ||| FLEEEEING.
  2086 | D:3      | 2086 ||| FLEEEEING.
  2087 | D:3      | 2087 ||| FLEEEEING.
  2088 | D:3      | 2088 ||| FLEEEEING.
  2089 | D:3      | 2089 ||| FLEEEEING.
  2090 | D:3      | 2090 ||| FLEEEEING.
  2091 | D:3      | 2091 ||| FLEEEEING.
  2092 | D:3      | 2092 ||| FLEEEEING.
  2093 | D:3      | 2093 ||| FLEEEEING.
  2096 | D:3      | 2096 ||| FLEEEEING.
  2306 | D:3      | 2306 ||| UPGRADING to +0 ring mail.
  2316 | D:3      | 2316 ||| DROPPING +0 leather armour.
  2317 | D:3      | 2317 ||| DROPPING +1 robe of positive energy.
  2318 | D:3      | 2318 ||| DRINKING 2 black potions.
  2426 | D:4      | Reached skill level 1 in Armour
  2426 | D:4      | Reached XP level 6. HP: 38/38 MP: 6/6
  2481 | D:4      | HP: 6/38 [acid (10)]
  2482 | D:4      | 2482 ||| READING 4 scrolls of teleportation.
  2487 | D:4      | 2487 ||| READING 3 scrolls of teleportation.
  2750 | D:4      | Reached skill level 7 in Ranged Weapons
  2940 | D:4      | Found a staircase to the Ecumenical Temple.
  2941 | D:4      | 2941 ||| PLANNING TEMPLE
  2941 | D:4      | 2941 ||| UPGRADING to +0 pair of gloves.
  2946 | D:4      | 2946 ||| READING scroll labelled OSKAT ROUPT.
  2947 | D:4      | 2947 ||| READING scroll labelled AHOTECZ YRUEPS.
  2953 | Temple   | Entered the Ecumenical Temple
  2954 | Temple   | 2954 ||| PLANNING OKAWARU WORSHIP
  2959 | Temple   | Became a worshipper of Warmaster Okawaru
  2960 | Temple   | 2960 ||| PLANNING D:1-11
  3118 | D:5      | Entered Level 5 of the Dungeon
  3119 | D:5      | 3119 ||| PLANNING SEWER
  3153 | D:5      | Reached XP level 7. HP: 43/43 MP: 7/7
  3214 | D:5      | Found a glowing drain.
  3215 | D:5      | 3215 ||| READING scroll labelled USMIFE WELYG.
  3216 | D:5      | 3216 ||| DRINKING 2 metallic red potions.
  3230 | Sewer    | Entered a sewer
  3246 | Sewer    | 3246 ||| Stepping ~*~*~tactically~*~*~ (water).
  3252 | Sewer    | 3252 ||| Stepping ~*~*~tactically~*~*~ (water).
  3258 | Sewer    | 3258 ||| Stepping ~*~*~tactically~*~*~ (water).
  3260 | Sewer    | 3260 ||| Stepping ~*~*~tactically~*~*~ (water).
  3283 | Sewer    | 3283 ||| Stepping ~*~*~tactically~*~*~ (water).
  3311 | Sewer    | 3311 ||| Stepping ~*~*~tactically~*~*~ (water).
  3317 | Sewer    | 3317 ||| Stepping ~*~*~tactically~*~*~ (water).
  3329 | Sewer    | 3329 ||| Stepping ~*~*~tactically~*~*~ (water).
  3333 | Sewer    | 3333 ||| Stepping ~*~*~tactically~*~*~ (water).
  3344 | Sewer    | 3344 ||| Stepping ~*~*~tactically~*~*~ (water).
  3370 | Sewer    | 3370 ||| Stepping ~*~*~tactically~*~*~ (water).
  3400 | Sewer    | 3400 ||| Stepping ~*~*~tactically~*~*~ (water).
  3409 | Sewer    | 3409 ||| Stepping ~*~*~tactically~*~*~ (water).
  3449 | Sewer    | 3449 ||| Stepping ~*~*~tactically~*~*~ (water).
  3454 | Sewer    | 3454 ||| Stepping ~*~*~tactically~*~*~ (water).
  3467 | Sewer    | 3467 ||| Stepping ~*~*~tactically~*~*~ (water).
  3469 | Sewer    | 3469 ||| Stepping ~*~*~tactically~*~*~ (water).
  3499 | Sewer    | 3499 ||| Stepping ~*~*~tactically~*~*~ (water).
  3501 | Sewer    | 3501 ||| Stepping ~*~*~tactically~*~*~ (water).
  3523 | Sewer    | Reached skill level 8 in Ranged Weapons
  3554 | Sewer    | 3554 ||| DRINKING 2 red potions.
  3555 | Sewer    | 3555 ||| DROPPING potion of brilliance.
  3570 | D:5      | 3570 ||| PLANNING D:1-11
  3818 | D:5      | 3818 ||| RETREATING.
  3822 | D:5      | 3822 ||| Stepping ~*~*~tactically~*~*~ (retreating).
  3832 | D:5      | Reached skill level 3 in Armour
  3832 | D:5      | Reached XP level 8. HP: 49/49 MP: 8/8
  3834 | D:5      | Reached * piety under Okawaru
  3847 | D:5      | Reached skill level 1 in Invocations
  3886 | D:5      | Found a white marble altar of Elyvilon.
  3886 | D:5      | Found a shimmering blue altar of Sif Muna.
  3951 | D:5      | 3951 ||| SWAPPING to +0 orcbow.
  3952 | D:5      | 3952 ||| DROPPING +2 shortbow.
  4073 | D:5      | 4073 ||| READING scroll labelled PIASHR LENOBI.
  4128 | D:6      | 4128 ||| Stepping ~*~*~tactically~*~*~ (outnumbered).
  4139 | D:6      | 4139 ||| Stepping ~*~*~tactically~*~*~ (outnumbered).
  4141 | D:6      | 4141 ||| INVOKING Heroism.
  4143 | D:6      | Reached skill level 3 in Invocations
  4327 | D:6      | 4327 ||| INVOKING Heroism.
  4401 | D:6      | 4401 ||| UPGRADING to +0 cloak.
  4406 | D:6      | 4406 ||| DRINKING 2 coppery potions.
  4413 | D:6      | 4413 ||| FLEEEEING.
  4414 | D:6      | 4414 ||| FLEEEEING.
  4415 | D:6      | 4415 ||| STAIRDANCE
  4416 | D:5      | Found a shadowy altar of Dithmenos.
  4416 | D:5      | Found an ancient bone altar of Kikubaaqudgha.
  4416 | D:5      | Found a hazy altar of Hepliaklqana.
  4444 | D:6      | 4444 ||| STAIRDANCE
  4560 | D:6      | 4560 ||| INVOKING Heroism.
  4561 | D:6      | 4561 ||| DRINKING potion of curing.
  4561 | D:6      | 4561 ||| (to cure confusion)
  4877 | D:6      | 4877 ||| DRINKING 2 viscous coppery potions.
  4878 | D:6      | 4878 ||| READING 2 scrolls of identify.
  4878 | D:6      | 4878 ||| IDENTIFYING bubbling grey potion
  4971 | D:7      | Noticed a wyvern
  4972 | D:7      | 4972 ||| RETREATING.
  4977 | D:7      | 4977 ||| INVOKING Heroism.
  4984 | D:7      | Killed a wyvern
  4985 | D:7      | Reached skill level 9 in Ranged Weapons
  5123 | D:7      | 5123 ||| INVOKING Heroism.
  5132 | D:7      | Reached skill level 6 in Fighting
  5132 | D:7      | Reached XP level 9. HP: 27/55 MP: 9/12
  5272 | D:7      | 5272 ||| READING scroll of enchant weapon.
  5272 | D:7      | 5272 ||| ENCHANTING +0 orcbow.
  5327 | D:7      | 5327 ||| READING scroll of enchant weapon.
  5327 | D:7      | 5327 ||| ENCHANTING +1 orcbow.
  5456 | D:7      | 5456 ||| INVOKING Heroism.
  5457 | D:7      | 5457 ||| Stepping ~*~*~tactically~*~*~ (cloud).
  5609 | D:7      | Reached skill level 10 in Ranged Weapons
  6115 | D:7      | 6115 ||| DROPPING ring of flight.
  6116 | D:7      | 6116 ||| READING scroll labelled TOOXIU KUEMPI.
  6117 | D:7      | 6117 ||| READING scroll labelled EPEOFAO HYPEAJ.
  6166 | D:8      | 6166 ||| INVOKING Heroism.
  6170 | D:8      | 6170 ||| Stepping ~*~*~tactically~*~*~ (outnumbered).
  6171 | D:8      | 6171 ||| Stepping ~*~*~tactically~*~*~ (outnumbered).
  6195 | D:8      | 6195 ||| Stepping ~*~*~tactically~*~*~ (retreating).
  6196 | D:8      | 6196 ||| Stepping ~*~*~tactically~*~*~ (retreating).
  6197 | D:8      | 6197 ||| Stepping ~*~*~tactically~*~*~ (retreating).
  6198 | D:8      | 6198 ||| Stepping ~*~*~tactically~*~*~ (retreating).
  6200 | D:8      | 6200 ||| INVOKING Heroism.
  6201 | D:8      | 6201 ||| Stepping ~*~*~tactically~*~*~ (retreating).
  6208 | D:8      | HP: 13/56 [orc warrior/+0 long sword (5)]
  6209 | D:8      | 6209 ||| READING 3 scrolls of teleportation.
  6210 | D:8      | 6210 ||| DRINKING potion of heal wounds.
  6306 | D:8      | Noticed a cyclops
  6307 | D:8      | 6307 ||| Stepping ~*~*~tactically~*~*~ (retreating).
  6308 | D:8      | 6308 ||| Stepping ~*~*~tactically~*~*~ (retreating).
  6310 | D:8      | 6310 ||| INVOKING Heroism.
  6326 | D:8      | Killed a cyclops
  6430 | D:8      | Noticed a hornet
  6432 | D:8      | 6432 ||| RETREATING.
  6436 | D:8      | 6436 ||| Stepping ~*~*~tactically~*~*~ (retreating).
  6437 | D:8      | 6437 ||| Stepping ~*~*~tactically~*~*~ (retreating).
  6438 | D:8      | Noticed a manticore
  6439 | D:8      | 6439 ||| INVOKING Heroism.
  6439 | D:8      | Noticed a two-headed ogre
  6440 | D:8      | Noticed a death knight
  6441 | D:8      | Noticed a six-headed hydra
  6443 | D:8      | Killed a hornet
  6443 | D:8      | Reached ** piety under Okawaru
  6444 | D:8      | Reached skill level 11 in Ranged Weapons
  6449 | D:8      | Reached skill level 3 in Dodging
  6452 | D:8      | HP: 13/57 [six-headed hydra (2)]
  6452 | D:8      | HP: 4/57 [six-headed hydra (9)]
  6453 | D:8      | 6453 ||| READING 2 scrolls of teleportation.
  6453 | D:8      | Slain by a six-headed hydra

Levels and vault maps discovered:
D:1:      minmay_arrival_split_and_join, layout_basic, minmay_distorted
D:2:      layout_basic, kennysheep_generic_room_12
D:3:      layout_basic
D:4:      cheibrodos_helix_gallery, layout_rooms,
          minmay_temple_entry_enclosed_plants, minivault_1
D:5:      layout_gridville, nicolae_overflow_hidden_temple, portal_sewer_entry_a
D:6:      layout_gridville, kennysheep_doodads, minmay_hedge_maze
D:7:      layout_gridville
D:8:      layout_cave_pools, nicolae_doodle_vault
Temple:   sentei_temple_godly_chess

Skill      XL: |  1  2  3  4  5  6  7  8  9 |
---------------+----------------------------+-----
Ranged Weapons | 5 6 7 8 9 11 | 11.1
Fighting       | 3 4 5 6 7 |  7.2
Armour         | 1 3 |  3.0
Dodging        | 2 3 |  3.0
Invocations    | 4 |  4.2
Stealth        | |  1.1

Action                     |  1- 3 |  4- 6 |  7- 9 || total
---------------------------+-------+-------+-------++-------
   Fire: Shortbow          |   112 |   142 |   208 ||   462
         Orcbow            |       |       |   251 ||   251
 Invoke: Heroism           |       |       |    10 ||    10
    Use: Scroll            |     9 |     4 |     9 ||    22
         Potion            |       |     1 |     6 ||     7
 Armour: Leather armour    |    31 |       |       ||    31
         Robe              |     4 |    16 |       ||    20
         Ring mail         |       |    32 |   306 ||   338
  Dodge: Dodged            |    28 |    42 |   231 ||   301

Table legend:
 A = Non-vault XP
 B = Vault XP
 C = Vault XP percentage of total XP
 D = Non-vault monster count
 E = Vault monster count
 F = Vault count percentage of total count
                 A         B        C        D         E       F
            +---------+---------+-------+---------+---------+-------
      Total |    3366 |    1046 |  23.7 |     136 |      56 |  29.2
            +---------+---------+-------+---------+---------+-------
        D:1 |      37 |       4 |   9.8 |      21 |       3 |  12.5
        D:2 |      36 |       0 |   0.0 |      15 |       0 |   0.0
        D:3 |     193 |       0 |   0.0 |      19 |       0 |   0.0
        D:4 |     273 |      57 |  17.3 |      19 |       2 |   9.5
        D:5 |     704 |      28 |   3.8 |      22 |       4 |  15.4
        D:6 |     462 |       0 |   0.0 |      20 |       0 |   0.0
        D:7 |     951 |       0 |   0.0 |      11 |       0 |   0.0
        D:8 |     710 |     770 |  52.0 |       9 |       3 |  25.0
      Sewer |       0 |     187 | 100.0 |       0 |      44 | 100.0
            +---------+---------+-------+---------+---------+-------
